Map: El Dorado

Players

ErzaScarllet

  • Race: Zerg Zerg
  • League: Diamond
  • Spawn Location: 7:00

wootwoot - Winner!

  • Race: Protoss Protoss
  • League: Diamond
  • Spawn Location: 5:00

VOD

Have the link to the VOD?

Description

Time

  • Played on: April 3, 2025, 12:54 a.m.
  • Length: 6:45
Show
View Real Time Build Order
Export as new Build Order

ErzaScarllet Zerg 

Build Orders: Hatch First 

Get SALT Encoding   

  12  0:01  Drone  
  13  0:13  Overlord  
  13  0:17  Drone  
  14  0:31  Drone x2  
  14  0:35  Drone  
  17  0:53  Hatchery  
  17  0:55  Drone  
  17  0:59  Drone  
  18  1:09  Extractor  
  17  1:15  Spawning Pool  
  17  1:18  Drone  
  17  1:21  Drone  
  18  1:29  Drone  
  19  1:41  Overlord  
  19  2:02  Zergling x4  
  19  2:06  Drone, Queen x2  
  26  2:13  Drone  
  27  2:17  Metabolic Boost  
  27  2:22  Drone  
  28  2:24  Drone  
  28  2:28  Drone  
  30  2:41  Drone x2  
  32  2:55  Hatchery  
  32  2:58  Queen  
  30  2:59  Drone  
  30  3:01  Drone  
  34  3:06  Overlord  
  34  3:16  Overlord  
  34  3:17  Drone  
  35  3:26  Drone  
  37  3:27  Drone x4  
  37  3:31  Drone  
  37  3:32  Drone  
  42  3:38  Queen  
  42  3:41  Overlord  
  44  3:56  Lair  
  44  4:03  Drone  
  44  4:04  Drone x5  
  50  4:10  Extractor  
  50  4:11  Drone x3  
  50  4:12  Drone x2  
  54  4:18  Queen  
  54  4:23  Overlord  
  54  4:24  Overlord, Extractor  
  55  4:27  Extractor  
  54  4:36  Hatchery  
  54  4:52  Drone  
  54  4:53  Drone x3  
  54  4:54  Drone x2  
  54  4:57  Hydralisk Den  
  54  4:58  Drone x3  
  54  4:59  Evolution Chamber  
  60  5:00  Evolution Chamber  
  60  5:02  Queen  
  61  5:22  Drone x3  
  61  5:24  Drone  
  61  5:25  Overlord  
  61  5:26  Overlord  
  61  5:27  Extractor  
  64  5:29  Extractor  
  63  5:36  Hydralisk  
  65  5:45  Overlord, Hydralisk  
  65  5:46  Hydralisk x7  
  79  6:02  Overlord  
Show
View Real Time Build Order
Export as new Build Order

wootwoot Protoss - Winner!

Build Orders: 1 Gate Expand 

Get SALT Encoding   

  12  0:00  Probe  
  13  0:12  Probe  
  14  0:20  Pylon  
  14  0:24  Probe  
  15  0:35  Probe  
  15  0:41  Gateway  
  16  0:43  Probe  
  16  0:49  Assimilator  
  17  0:52  Probe  
  19  1:04  Probe  
  19  1:16  Probe  
  20  1:36  Nexus  
  20  1:39  Cybernetics Core  
  20  1:45  Assimilator, Probe  
  21  1:53  Probe  
  21  1:54  Pylon  
  22  2:01  Probe  
  22  2:05  Adept  
  23  2:13  Probe  
  26  2:22  Stargate  
  26  2:25  Warp Gate  
  26  2:28  Probe  
  27  2:34  Shield Battery  
  27  2:40  Probe  
  28  2:48  Probe  
  29  2:52  Probe  
  30  2:58  Void Ray  
  30  3:01  Probe  
  30  3:04  Probe  
  36  3:15  Twilight Council  
  36  3:16  Probe  
  36  3:18  Probe  
  38  3:28  Probe  
  38  3:30  Probe  
  40  3:39  Charge  
  40  3:40  Void Ray, Probe  
  45  3:42  Probe  
  46  3:58  Pylon  
  46  4:01  Pylon  
  46  4:13  Gateway x2  
  46  4:14  Gateway  
  46  4:16  Probe x2  
  48  4:17  Gateway  
  48  4:23  Gateway  
  48  4:29  Gateway  
  48  4:32  Pylon  
  48  4:40  Pylon  
  48  4:43  Zealot  
  50  4:46  Void Ray  
  54  5:05  Zealot  
  56  5:12  Zealot x3  
  62  5:17  Pylon  
  62  5:20  Zealot  
  62  5:21  Zealot  
  66  5:25  Zealot  
  66  5:26  Zealot  
  70  5:33  Zealot x3  
  76  5:38  Pylon  
  76  5:50  Zealot x4  
  76  5:55  Zealot x3  
  84  6:11  Zealot  
  84  6:12  Zealot x3  
  84  6:18  Zealot  
  94  6:22  Pylon x2  
  94  6:24  Pylon  
  94  6:42  Zealot  
  94  6:43  Zealot x4  
Tags
 
Add a new tag
Caveats
  • Supply blocks, unpowered buildings, or Contaminate may cause inaccurate times.
  • Supply counts are checked every 10 seconds.